 Dungeon Crawl Stone Soup version 0.20-a0-1040-gfd09691 (webtiles) character file.

442 Herrn the Covered (level 7, -3/54 HPs)
             Began as a Formicid Wanderer on Apr 23, 2017.
             Slain by an ogre
             ... wielding a +0 giant club
              (13 damage)
             ... on level 4 of the Dungeon.
             The game lasted 00:06:01 (3858 turns).

Herrn the Covered (Formicid Wanderer)               Turns: 3858, Time: 00:06:01

Health: -3/54      AC:  6    Str: 27    XL:     7   Next: 23%
Magic:  8/8        EV: 12    Int:  9    God:
Gold:   250        SH:  0    Dex:  9    Spells: 8/8 levels left

rFire    . . .     SeeInvis +   a - +2 quarterstaff
rCold    + . .     Gourm    .   (no shield)
rNeg     . . .     Faith    .   k - +0 ring mail
rPois    .         Spirit   .   (helmet unavailable)
rElec    .         Reflect  .   (no cloak)
rCorr    .         Harm     .   (no gloves)
MR       .....                  (no boots)
Stlth    ..........             (no amulet)
Regen    0.2/turn               q - ring of protection from cold
MPRegen  0.2/turn               o - +5 ring of strength

@: no status effects
A: permanent stasis, dig shafts and tunnels, four strong arms, antennae 3
a: Dig, Shaft Self


You were on level 4 of the Dungeon.
You were not hungry.

You visited 2 branches of the dungeon, and saw 5 of its levels.

You collected 250 gold pieces.

Inventory:

Hand Weapons
 a - a +2 quarterstaff (weapon)
 y - a +0 war axe
Armour
 c - a +0 robe
 k - a +0 ring mail (worn)
Jewellery
 m - an uncursed ring of protection from cold
 o - a +5 ring of strength (right hand)
 p - a +5 ring of intelligence
 q - a ring of protection from cold (left hand)
 A - an uncursed ring of protection from fire {unknown}
 D - a cursed ring of loudness {unknown}
 E - an uncursed ring of see invisible {unknown}
Wands
 j - a wand of clouds (5/9)
 H - a wand of random effects (5/48)
Scrolls
 e - 2 scrolls of magic mapping {unknown}
 f - 2 scrolls of teleportation {unknown}
 h - 2 scrolls of fear {unknown}
 s - 2 scrolls of remove curse {unknown}
 t - a scroll of enchant weapon {unknown}
 u - 2 scrolls of identify {unknown}
 v - 2 scrolls of enchant armour {unknown}
 F - a scroll of random uselessness {unknown}
 J - a scroll of amnesia {unknown}
Potions
 b - a potion of curing
 g - 4 potions of heal wounds {unknown}
 i - 2 potions of haste {unknown}
 r - 2 potions of lignification {unknown}
 w - a potion of might {unknown}
 z - a potion of brilliance {unknown}
 B - a potion of ambrosia {unknown}
 C - a potion of resistance {unknown}
Books
 x - a book of Cantrips

   Spells                             Type                      Level
   a - Confusing Touch                Hexes                        1
   b - Animate Skeleton               Necromancy                   1
   c - Summon Small Mammal            Summoning                    1
   d - Apportation                    Translocation                1
 I - a book of Maledictions

   Spells                             Type                      Level
   a - Corona                         Hexes                        1
   b - Ensorcelled Hibernation        Hexes/Ice                    2
   c - Confuse                        Hexes                        3
   d - Tukima's Dance                 Hexes                        3
   e - Dazzling Spray                 Conjuration/Hexes            3
Comestibles
 d - 3 bread rations
 l - 2 meat rations
 n - 4 royal jellies
 G - 3 chunks of flesh


   Skills:
 + Level 4.0 Fighting
 * Level 2.2 Axes
 - Level 3.0 Staves
 + Level 4.4 Armour
 + Level 3.0 Dodging
 - Level 1.1 Spellcasting
   Level 1.0 Charms
   Level 1.0 Fire Magic
 - Level 2.1 Evocations


You had 8 spell levels left.
You didn't know any spells.

Dungeon Overview and Level Annotations

Branches:
Dungeon (4/15)             Temple (1/1) D:4

Altars:
Ashenzari
Cheibriados
Dithmenos
Elyvilon
Gozag
Makhleb
Nemelex Xobeh
Ru
Sif Muna
Vehumet
Wu Jian
Xom
Yredelemnul
Zin
The Shining One

Shops:
D:4 *


Innate Abilities, Weirdness & Mutations

You cannot be hasted, slowed, berserked, paralysed or teleported.
You can dig through walls and to a lower floor.
Your four strong arms can wield two-handed weapons with a shield.
You have a pair of large antennae on your head. (SInv)


Message History

You are too injured to fight recklessly!
You are too injured to fight recklessly!
You are too injured to fight recklessly!
You are too injured to fight recklessly!
You are too injured to fight recklessly!
You are too injured to fight recklessly!
You are too injured to fight recklessly!
You are too injured to fight recklessly!
You feel better. The ogre hits you with a giant club!!
* * * LOW HITPOINT WARNING * * *
You barely miss the ogre.
The ogre is moderately wounded.
You hit the ogre.
The ogre is heavily wounded.
The ogre barely misses you.
Some of the chunks of flesh in your inventory have rotted away.
You closely miss the ogre.
The ogre is heavily wounded.
The ogre hits you with a giant club!
You die...

# # #.# .#.
####.######### #.#
#...#....)...# #.#
#......####... ##.##
#......####..#
######...#
#............#
#......#.#
#......#####..
#.####...####......#
###
#....[..O@[...######
..........#######
###..###### #. # ..
#.. #.. #.<#######


You could see an ogre.

Vanquished Creatures
  A scorpion (D:4)
  A hound (D:4)
  A centaur skeleton (D:4)
  3 orc wizards (D:4)
  3 worker ants
  Natasha (thrice) (D:2)
  2 adders
  2 oozes (D:2)
  A worm (D:3)
  3 dart slugs
  6 leopard geckos
  5 orcs
  2 giant cockroaches
  9 goblins
  5 hobgoblins
  3 jackals (D:3)
  9 kobolds
  7 bats
  4 frilled lizards
  2 rats
72 creatures vanquished.

Notes
Turn   | Place    | Note
-------+----------+-------------------------------------------
     0 | D:1      | Herrn the Formicid Wanderer began the quest for the Orb.
     0 | D:1      | Herrn set off with: a +2 quarterstaff, a potion of curing, a +0 robe, a bread ration
     0 | D:1      | Reached XP level 1. HP: 15/15 MP: 2/2
   148 | D:1      | Reached XP level 2. HP: 21/22 MP: 3/3
   731 | D:2      | Reached XP level 3. HP: 22/27 MP: 4/4
   757 | D:2      | Found a burning altar of Makhleb.
   986 | D:2      | Noticed Natasha
   995 | D:2      | Killed Natasha
   995 | D:2      | Reached skill level 1 in Armour
   995 | D:2      | Reached XP level 4. HP: 13/34 MP: 5/5
  1337 | D:2      | Found a faded altar of an unknown god.
  1442 | D:2      | Noticed Natasha
  1448 | D:2      | Killed Natasha
  1559 | D:2      | Noticed Natasha
  1571 | D:2      | Killed Natasha
  1571 | D:2      | Reached XP level 5. HP: 14/41 MP: 6/6
  2529 | D:3      | Found a shattered altar of Ashenzari.
  2565 | D:3      | Reached skill level 1 in Axes
  2668 | D:3      | Found a glowing silver altar of Zin.
  2671 | D:3      | Found a deep blue altar of Sif Muna.
  2674 | D:3      | Found a snail-covered altar of Cheibriados.
  2677 | D:3      | Found a sacrificial altar of Ru.
  2998 | D:4      | Reached XP level 6. HP: 47/47 MP: 7/7
  3016 | D:4      | Found a sacrificial altar of Ru.
  3191 | D:4      | Found a staircase to the Ecumenical Temple.
  3203 | D:4      | Found Vitatol's General Store.
  3219 | Temple   | Entered the Ecumenical Temple
  3398 | D:4      | Reached XP level 7. HP: 16/53 MP: 8/8
  3858 | D:4      | Slain by an ogre

Vault maps used:
D:1:      lemuel_arrival_river_bridge, item_on_display_a
D:2:      first_bread, chequers_ecumenical_altar_grove, bloody_makhleb,
          uniq_natasha
D:3:      grunt_temple_overflow_cloverleaf, evilmike_ruin_ashenzari,
          small_statue_intersection
D:4:      minmay_temple_entry_statues_fountains, serial_shops,
          nicolae_shop_waterfront, nicolae_ru_great_annihilating_truth
Temple:   jpeg_temple_island

Skill      XL: |  1  2  3  4  5  6  7 |
---------------+----------------------+-----
Fighting       | 2 3 4 |  4.0
Dodging        | 2 3 |  3.0
Armour         | 1 2 3 4 |  4.4
Axes           | 1 2 |  2.2
Staves         | |  3.0
Spellcasting   | |  1.1
Charms         | |  1.0
Fire Magic     | |  1.0
Evocations     | |  2.1

Action                   |  1- 3 |  4- 6 |  7- 9 || total
-------------------------+-------+-------+-------++-------
Melee: Quarterstaff      |    46 |   149 |    44 ||   239
 Abil: Dig               |     3 |     2 |       ||     5
  Use: Potion            |       |     4 |     1 ||     5
 Stab: Paralysed         |       |     1 |       ||     1
  Eat: Chunk             |       |     8 |     2 ||    10
Armor: Ring mail         |     8 |    53 |    10 ||    71
Dodge: Dodged            |    29 |    81 |    16 ||   126
